 Dungeon Crawl Stone Soup version 0.30-a0-358-g0d69a1922f (webtiles) character file.

Game seed: 8133133584068059591

668 Manisia the Sneak (level 7, -16/32 HPs)
             Began as a Spriggan Enchanter on Nov 8, 2022.
             Demolished by Duvessa
             ... wielding a +2 short sword of freezing
              (18 damage)
             ... on level 5 of the Dungeon.
             The game lasted 00:10:06 (4179 turns).

Manisia the Sneak (Spriggan Enchanter)              Turns: 4179, Time: 00:10:06

Health: -16/32     AC:  2    Str:  4    XL:     7   Next: 32%
Magic:  14/15      EV: 17    Int: 19    God:
Gold:   195        SH:  0    Dex: 15    Spells: 4/15 levels left

rFire   . . .      SeeInvis +    o - +4 dagger (freeze)
rCold   + . .      Faith    .    (no shield)
rNeg    . . .      Spirit   .    b - +0 robe
rPois   .          Reflect  .    (helmet restricted)
rElec   .          Harm     .    (no cloak)
rCorr   .          Rampage  .    (gloves unavailable)
Will    +....                    (boots unavailable)
Stlth   +++.......               r - amulet of magic regeneration
HPRegen 0.25/turn                h - ring of protection from cold
MPRegen 0.54/turn                (no ring)

@: confusing by touch, very quick
A: very small, no large weapons, unfitting armour, see invisible, speed 3
a: no special abilities


You were on level 5 of the Dungeon.
You visited 1 branch of the dungeon, and saw 5 of its levels.

You collected 204 gold pieces.
You spent 9 gold pieces at shops.

Inventory:

Hand Weapons
 a - a +1 dagger
 o - a +4 dagger of freezing (weapon)
Missiles
 f - 13 poisoned darts (quivered)
 i - 3 atropa-tipped darts
Armour
 b - a +0 robe (worn)
Jewellery
 h - a ring of protection from cold (left hand)
 r - an amulet of magic regeneration (around neck)
Scrolls
 t - a scroll of poison
Potions
 c - a potion of invisibility
 d - 2 potions of resistance
 e - a potion of might
 g - 7 potions of curing
 j - a potion of lignification
 l - a potion of flight {unknown}
 n - a potion of heal wounds {unknown}
 q - a potion of cancellation {unknown}


   Skills:
 + Level 0.4 Fighting
 + Level 2.5 Short Blades
 - Level 3.0 Dodging
 - Level 7.0 Stealth
 + Level 4.9 Spellcasting
 + Level 6.3 Hexes
 + Level 2.8 Ice Magic


You had 4 spell levels left.
You knew the following spells:

 Your Spells              Type           Power      Damage    Failure   Level
a - Ensorcelled Hibernat  Hex/Ice        44%        N/A       3%          2
b - Confusing Touch       Hex            28%        N/A       2%          3
c - Tukima's Dance        Hex            28%        N/A       2%          3
d - Dazzling Flash        Conj/Hex       32%        N/A       11%         3

Your spell library contained the following spells:

 Spells                   Type           Power      Damage    Failure   Level
 Sandblast                Erth           8%         2d5       13%         1
 Passwall                 Tmut/Erth      3%         N/A       19%         2
 Anguish                  Hex/Necr       8%         N/A       34%         4
 Stone Arrow              Conj/Erth      8%         3d7       36%         3
 Swiftness                Air            4%         N/A       36%         3
 Summon Mana Viper        Hex/Summ       16%        N/A       67%         5
 Enfeeble                 Hex            14%        N/A       100%        7


Dungeon Overview and Level Annotations

Branches:
Dungeon (5/15)             Temple (0/1) D:4

Altars:
Xom

Shops:
D:1 *   D:2 ?

Annotations:
D:5 Duvessa


Innate Abilities, Weirdness & Mutations

You are very small and have problems with some larger weapons.
You are too small for most types of armour.
You have supernaturally acute eyesight. (SInv)
You cover ground extremely quickly. (Speed+++)


Message History

Casting: Ensorcelled Hibernation (safe; 3% risk of failure)
Confirm with . or Enter, or press ? or * to list all spells.
Aiming: Ensorcelled Hibernation (safe; 3% risk of failure)
Press: ? - help, Shift-Dir - straight line, f/p - orc
Aim: an orc, wielding a +0 mace, wearing a +0 leather armour and quivering boomerangs (chance to affect: 71%)
You miscast Ensorcelled Hibernation.
Nothing appears to happen.
The orc barely misses you.
Unknown command.
Casting: Ensorcelled Hibernation (safe; 3% risk of failure)
Confirm with . or Enter, or press ? or * to list all spells.
Aiming: Ensorcelled Hibernation (safe; 3% risk of failure)
Press: ? - help, Shift-Dir - straight line, f/p - orc
Aim: an orc, wielding a +0 mace, wearing a +0 leather armour and quivering boomerangs (chance to affect: 71%)
The orc looks drowsy...
The helpless orc fails to defend itself.
You spit the orc like a pig!!! You freeze the orc.
You kill the orc!
Your magical contamination has completely faded away.
An orc comes into view. It is wielding a +0 mace.
Duvessa goes berserk!
Items here: ( )) [[.
The orc shouts!
You hear a shout!
Items here: ( )) [[.
You hear a shout!
Casting: Ensorcelled Hibernation (safe; 3% risk of failure)
Confirm with . or Enter, or press ? or * to list all spells.
You can't see any susceptible monsters within range! (Use Z to cast anyway.)
Casting: Ensorcelled Hibernation (safe; 3% risk of failure)
Confirm with . or Enter, or press ? or * to list all spells.
Your hands begin to glow red.
Duvessa hits you with a +2 short sword of freezing!
Duvessa freezes you.
Duvessa hits you with a +2 short sword of freezing!
Ouch! That really hurt!
* * * LOW HITPOINT WARNING * * *
There is a stone staircase leading up here.
Duvessa misses you.
Duvessa hits you with a +2 short sword of freezing!!
Ouch! That really hurt!
You die...

##### ##o.......##
#e.####...##
#######...####....
###.....#o....###...
##.......).##....##..
##..........####....##
##..........## ##......
#.....e....## ##....[..
#.....@....# ##........
#.........####..)......
##.......## #..........
##....#.# ##..........
##..#.## #...........
####.# ##...........
##.## #............
#..# #............
##.## #......>....#


You could see Duvessa (berserk) and an orc.

Vanquished Creatures
  Sigmund (D:4)
  Eustachio (D:5)
  Blork the orc (D:4)
  Dowan (D:5)
  A hound (D:5)
  An orc priest (D:4)
  Terence (D:2)
  3 gnolls (D:5)
  6 adders
  A dart slug (D:4)
  5 worms
  4 orcs
  5 bats
  6 endoplasms
  A giant cockroach (D:4)
  7 goblins
  6 hobgoblins
  8 jackals
  5 quokkas
  3 ball pythons
  2 frilled lizards
  4 kobolds
  11 rats
84 creatures vanquished.

Vanquished Creatures (others)
  A plant (D:4)
1 creature vanquished.

Grand Total: 85 creatures vanquished

Notes
Turn   | Place    | Note
-------+----------+-------------------------------------------
     0 | D:1      | Manisia the Spriggan Enchanter began the quest for the Orb.
     0 | D:1      | Reached XP level 1. HP: 9/9 MP: 5/5
    67 | D:1      | Found Herin's General Store.
    76 | D:1      | Bought 2 poisoned darts for 9 gold pieces
   159 | D:1      | Reached XP level 2. HP: 13/13 MP: 6/6
   167 | D:1      | Learned a level 2 spell: Ensorcelled Hibernation
   601 | D:1      | Got the Textbook on Fascination
   751 | D:1      | Reached skill level 5 in Stealth
   995 | D:2      | Noticed Terence
  1010 | D:2      | Killed Terence
  1011 | D:2      | Reached XP level 3. HP: 16/16 MP: 8/8
  1015 | D:2      | Learned a level 3 spell: Confusing Touch
  1288 | D:2      | Found Pyziorphy's Magic Scroll Shoppe.
  1496 | D:2      | Reached skill level 6 in Stealth
  1496 | D:2      | Reached XP level 4. HP: 21/21 MP: 9/9
  2286 | D:3      | Reached skill level 1 in Ice Magic
  2506 | D:3      | Found a shimmering altar of Xom.
  3004 | D:4      | Noticed Sigmund
  3114 | D:4      | Reached skill level 7 in Stealth
  3114 | D:4      | Reached XP level 5. HP: 24/24 MP: 7/10
  3393 | D:4      | Noticed Blork the orc
  3410 | D:4      | HP: 1/24 [Blork the orc/+3 short sword of holy wrath (9)]
  3446 | D:4      | Killed Blork the orc
  3558 | D:4      | Reached skill level 5 in Hexes
  3641 | D:4      | Found a staircase to the Ecumenical Temple.
  3675 | D:4      | Killed Sigmund
  3676 | D:4      | Reached XP level 6. HP: 29/29 MP: 9/13
  3680 | D:4      | Learned a level 3 spell: Tukima's Dance
  3684 | D:4      | Learned a level 3 spell: Dazzling Flash
  3934 | D:5      | Entered Level 5 of the Dungeon
  4066 | D:5      | Noticed Eustachio
  4075 | D:5      | Killed Eustachio
  4076 | D:5      | Reached XP level 7. HP: 32/32 MP: 10/15
  4126 | D:5      | Noticed Duvessa
  4127 | D:5      | Noticed Dowan
  4148 | D:5      | Killed Dowan
  4173 | D:5      | HP: 1/32 [Duvessa/+2 short sword of freezing (17)]
  4179 | D:5      | Demolished by Duvessa

Illustrated notes

Levels and vault maps discovered:
D:1:      matt_arrival_refuge, layout_loops_ring, serial_shops, shop,
          minmay_liquid_box, hangedman_abyss_or_decor_lesser_grid
D:2:      minmay_angry_zag, layout_basic, serial_shops, nicolae_shop_crystal,
          serial_glass, glass_columns_a, glass_columns_b, glass_columns_a,
          uniq_terence
D:3:      layout_basic, xom_butterflies, nrook_mini_backslash,
          grunt_ministairs_7, minmay_unequal
D:4:      layout_cave_pools, minmay_temple_entry_statues_pillars, serial_forest,
          infiniplex_forest_end_3, infiniplex_forest_lined_2,
          infiniplex_forest_end_3, infiniplex_forest_lined_corner,
          infiniplex_forest_straight_4, infiniplex_forest_straight_4,
          uniq_sigmund, uniq_blork_the_orc
D:5:      layout_cave_pods, general_overflow_altar, kennysheep_cross_room,
          hangedman_abyss_or_decor_stabs, dreamdust_wishing_well,
          serial_bayou_crossing, uniq_duvessa, uniq_ijyb, uniq_eustachio,
          uniq_grinder

Skill      XL: |  1  2  3  4  5  6 |
---------------+-------------------+-----
Hexes          | 4 5 6 |  6.3
Stealth        | 5 6 7 |  7.0
Spellcasting   | 3 4 |  4.9
Ice Magic      | 1 2 |  2.8
Dodging        | 3 |  3.0
Short Blades   | 2 |  2.5
Fighting       | |  0.4

Action                   |  1- 3 |  4- 6 |  7- 9 || total
-------------------------+-------+-------+-------++-------
Melee: Dagger            |    50 |    75 |     4 ||   129
 Cast: Ensorcelled Hiber |    10 |    45 |     2 ||    57
       Confusing Touch   |       |       |     1 ||     1
  Use: Scroll            |     4 |     8 |       ||    12
       Potion            |       |     1 |       ||     1
 Stab: Sleeping          |    25 |    40 |     2 ||    67
       Distracted        |     1 |       |       ||     1
       Invisible         |       |     1 |       ||     1
Armor: Robe              |     5 |     1 |       ||     6
Dodge: Dodged            |    19 |    48 |     5 ||    72

Table legend: (Time is in decaauts)
 A = Elapsed time spent in this place.
 B = Non-inter-level travel time spent in this place.
 C = Inter-level travel time spent in this place.
 D = Time resting spent in this place.
 E = Time spent auto-exploring this place.
 F = Levels seen in this place.
 G = Mean time per level.
                   A        B        C        D        E       F      G
               +--------+--------+--------+--------+--------+-----+--------+
         Total |   2965 |   2916 |     49 |      0 |   2281 |   5 |  593.0 |
       Dungeon |   2965 |   2916 |     49 |      0 |   2281 |   5 |  593.0 |
               +--------+--------+--------+--------+--------+-----+--------+

Top non-repeatable levels by time:
     D:3: 823 daAuts
     D:4: 674 daAuts
     D:2: 659 daAuts
     D:1: 612 daAuts
     D:5: 195 daAuts
